 Dungeon Crawl Stone Soup version 0.27-a0-1301-g128193abf8 (webtiles) character file.

Game seed: 2148857533027989910

9 flotson the Sneak (level 2, 0/24 HPs)
             Began as a Demonspawn Delver on June 18, 2021.
             Slain by a jackal (1 damage)
             ... on level 5 of the Dungeon.
             The game lasted 00:01:23 (265 turns).

flotson the Sneak (Demonspawn Delver)                Turns: 265, Time: 00:01:23

Health: 0/24       AC:  3    Str: 12    XL:     2   Next: 3%
Magic:  2/2        EV: 12    Int: 11    God:
Gold:   23         SH:  0    Dex: 14    Spells: 1/1 levels left

rFire    . . .     SeeInvis .   a - +0 hand axe
rCold    . . .     Faith    .   (no shield)
rNeg     . . .     Spirit   .   b - +0 leather armour
rPois    .         Reflect  .   (no helmet)
rElec    .         Harm     .   (no cloak)
rCorr    .         Rampage  .   (no gloves)
Will     .....                  (no boots)
Stlth    ++........             (no amulet)
HPRegen  0.08/turn              (no ring)
MPRegen  0.08/turn              (no ring)

@: no status effects
A: talons 1
a: no special abilities


You were on level 5 of the Dungeon.
You visited 1 branch of the dungeon, and saw 2 of its levels.

You collected 23 gold pieces.

Inventory:

Hand Weapons
 a - a +0 hand axe (weapon)
Armour
 b - a +0 leather armour (worn)
Wands
 g - a wand of digging (3)
Scrolls
 h - a scroll of teleportation {unknown}


   Skills:
 + Level 3.1 Fighting
 + Level 2.0 Axes
 + Level 0.5 Armour
 + Level 2.0 Dodging
 - Level 4.5 Stealth


You had one spell level left.
You didn't know any spells.
Your spell library was empty.

Dungeon Overview and Level Annotations

Branches:
Dungeon (5/15)
 Temple: D:4-7

Altars:


Innate Abilities, Weirdness & Mutations

You have sharp toenails.


Message History

The goblin shoots a stone.
The stone misses you.
A scorpion comes into view.
The goblin unwields a +0 hunting sling.
The goblin wields a +0 dagger.
The goblin closely misses you.
The scorpion moves out of view.
Found a scroll labelled YSTRAF ECIZOHYDD and 13 gold pieces.
You hit the goblin.
The goblin is moderately wounded.
The goblin hits you but does no damage.
The goblin unwields a +0 dagger.
The goblin wields a +0 hunting sling.
The goblin shoots a stone.
The stone misses you.
There is a stone staircase leading down, spattered with blood here.
The goblin shoots a stone.
The stone hits you but does no damage.
The goblin shoots a stone.
The stone closely misses you.
As you read the scroll of fear, it crumbles to dust.
You assume a fearsome visage.
The scorpion looks frightened!
The goblin looks frightened!
An orc priest comes into view. It is wielding a +0 club.
An orc comes into view. It is wielding a +0 whip.
An orc comes into view. It is wielding a +0 whip.
The orc priest shouts!
The orc shouts!
Found a stone staircase leading down.
The orc priest looks encouraged for a moment.
The orc priest looks satisfied for a moment.
There is a stone staircase leading down here.
The orc hits you but does no damage.
You climb downwards. 4 jackals, a hound and a skeleton come into view.
The jackal barks! x4; You hear an angry hiss.
The jackal bites you. The jackal barely misses you.
Found a whip, an orange potion, a leather armour and a plate armour.
There is a stone staircase leading up here.
An iguana comes into view.
The jackal closely misses you. x3; The orc hits you with a +0 whip.
The jackal bites you but does no damage.
The orc misses you.
The howler monkey skeleton closely misses you.
The iguana bites you!
* * * LOW HITPOINT WARNING * * *
The jackal bites you.
You die...

*,,,,,,,,,.,** ##..........*
***,,,,,,,*..* ##...........**
*****,,**#.###............,* ****
#.#..............,* #####
#.....)..<...!...,* ##...####
##................,* ........###
#....h[Z..........,* ..........#
##...hl.h..........,,
.....>....#*#...@.ho...........,,
......<...##...................,,
..........<..#.................,,
............##.................,,
............##...............,,,,
...........####.............,,,,*
......Z....# #............,,,,,*
.........###**#...........,,,,,,*
.........#≈,≈**,,,,,,,,,,,,,,,,**


You could see an iguana, an orc, 4 jackals and a howler monkey skeleton.

Vanquished Creatures
  An adder (D:5)
1 creature vanquished.

Notes
Turn   | Place    | Note
-------+----------+-------------------------------------------
     0 | D:5      | flotson the Demonspawn Delver began the quest for the Orb.
     0 | D:5      | Reached XP level 1. HP: 18/18 MP: 1/1
    53 | D:5      | Noticed a centaur
    65 | D:5      | Gained mutation: You have sharp toenails. [demonic
                  | ancestry]
    65 | D:5      | Reached XP level 2. HP: 2/24 MP: 2/2
   212 | D:4      | Noticed a black bear
   212 | D:4      | Noticed a scorpion
   264 | D:5      | HP: 1/24 [iguana (8)]
   265 | D:5      | Slain by a jackal

Illustrated notes

Levels and vault maps discovered:
D:4:      kennysheep_the_goblin_king, layout_loops_ring,
          nicolae_yredelemnul_corpse_copse, grunt_nemelex_the_gamble,
          nicolae_vehumet_radiance, gammafunk_ghost_arena, grunt_decor_fettered,
          chequers_serial_rivers_micro_c
D:5:      layout_cave_pods, pf_just_have_faith, grunt_temple_overflow_open,
          minmay_manual_macuahuitl

Skill      XL: |  1 |
---------------+----+-----
Axes           | 2 |  2.0
Dodging        | 2 |  2.0
Fighting       | |  3.1
Armour         | |  0.5
Stealth        | |  4.5

Action                   || total
-------------------------++-------
Melee: Hand axe          ||    12
  Use: Potion            ||     1
       Scroll            ||     4
Armor: Leather armour    ||     5
Dodge: Dodged            ||    19

Table legend: (Time is in decaauts)
 A = Elapsed time spent in this place.
 B = Non-inter-level travel time spent in this place.
 C = Inter-level travel time spent in this place.
 D = Time resting spent in this place.
 E = Time spent auto-exploring this place.
 F = Levels seen in this place.
 G = Mean time per level.
                   A        B        C        D        E       F      G
               +--------+--------+--------+--------+--------+-----+--------+
         Total |    249 |    249 |      0 |     86 |     50 |   2 |  124.5 |
       Dungeon |    249 |    249 |      0 |     86 |     50 |   2 |  124.5 |
               +--------+--------+--------+--------+--------+-----+--------+

Top non-repeatable levels by time:
     D:4: 139 daAuts
     D:5: 110 daAuts
